 Dungeon Crawl Stone Soup version 0.25-a0-731-g0472a16d6a (webtiles) character file.

Game seed: 14660149232257693775, levelgen mode: deterministic

95 Iflex the Poker (level 4, -4/34 HPs)
             Began as a Merfolk Gladiator on Apr 8, 2020.
             Killed by divine providence
             ... invoked by an orc priest
              (9 damage)
             ... on level 3 of the Dungeon.
             The game lasted 00:09:10 (1739 turns).

Iflex the Poker (Merfolk Gladiator)                 Turns: 1739, Time: 00:09:10

Health: -4/34      AC:  4    Str: 15    XL:     4   Next: 65%
Magic:  4/4        EV: 14    Int:  7    God:
Gold:   86         SH:  0    Dex: 15    Spells: 0/3 levels left

rFire    . . .     SeeInvis .   a - +0 trident
rCold    . . .     Gourm    .   (no shield)
rNeg     . . .     Faith    .   b - +0 leather armour
rPois    .         Spirit   .   c - +0 helmet
rElec    .         Reflect  .   (no cloak)
rCorr    .         Harm     .   (no gloves)
MR       .....                  (no boots)
Stlth    +.........             (no amulet)
HPRegen  0.11/turn              (no ring)
MPRegen  0.09/turn              (no ring)

@: lethally poisoned (-4 -> -7), stab, hasted, very quick
A: change form in water, swift swim, stealthy swim
a: no special abilities


You were on level 3 of the Dungeon.
You were not hungry.

You visited 1 branch of the dungeon, and saw 3 of its levels.

You collected 86 gold pieces.

Inventory:

Hand Weapons
 a - a +0 trident (weapon)
Missiles
 d - 2 throwing nets (quivered)
Armour
 b - a +0 leather armour (worn)
 c - a +0 helmet (worn)
Potions
 g - a potion of curing
Comestibles
 f - 4 rations
 i - a chunk of flesh


   Skills:
 + Level 2.6 Fighting
 + Level 6.1 Polearms
 + Level 2.2 Throwing
 - Level 1.0 Armour
 + Level 4.6 Dodging
 - Level 0.1 Stealth
 * Level 0.2 Spellcasting


You couldn't memorise any spells.
You knew the following spells:

 Your Spells              Type           Power        Failure   Level  Hunger
a - Confusing Touch       Hex            #.......     86%         3    ####...

Your spell library contained the following spells:

 Spells                   Type           Power        Failure   Level  Hunger
 Gell's Gravitas          Tloc           #.........   86%         3    ####...
 Petrify                  Tmut/Erth      #.......     99%         4    #####..
 Metabolic Englaciation   Hex/Ice        #.........   100%        5    ######.
 Yara's Violent Unravell  Hex/Tmut       #.........   100%        5    ######.


Dungeon Overview and Level Annotations

Branches:
Dungeon (3/15)

Altars:
Dithmenos
The Shining One

Annotations:
D:3 Ijyb


Message History

You hit the adder.
The adder is lightly wounded.
An orc comes into view. It is wielding a +0 trident.
The adder barely misses you.
The orc priest invokes the aid of Beogh against you.
Beogh smites you!
* * * LOW HITPOINT WARNING * * *
The giant cockroach bites you.
* * * LOW HITPOINT WARNING * * *
The orc shouts!
You hear a shout!
You hit the adder.
The adder is heavily wounded.
You hear a shout!
The adder barely misses you. The giant cockroach barely misses you.
You hit the adder.
The adder is heavily wounded.
You feel sick.
The orc priest calls down the wrath of Beogh upon you.
Beogh smites you!
You die...

*,,,,,,,,,,,,,,)......
**,,...,,,,,,,,......o
**,.rS,*,,,,,,#......
**#o#****,,,*#.$....
#l# *,,**#...... #o#
*,,* #...... #o# *,**
#...... #s# ***
#...... #@#
#######......
#S####..o.........
#hg.S.g######.....
######## #..... ##....
##... ####


You could see an orc priest, 2 adders, 2 orcs, a jackal, a giant cockroach, a
goblin, a frilled lizard and a rat.

Vanquished Creatures
  An iguana (D:2)
  An adder (D:2)
  An ooze (D:2)
  3 dart slugs
  4 bats
  2 giant cockroaches
  10 goblins
  6 hobgoblins
  3 jackals
  2 quokkas (D:2)
  4 frilled lizards
  6 kobolds
  7 rats
50 creatures vanquished.

Notes
Turn   | Place    | Note
-------+----------+-------------------------------------------
     0 | D:1      | Iflex the Merfolk Gladiator began the quest for the Orb.
     0 | D:1      | Reached XP level 1. HP: 16/16 MP: 1/1
   112 | D:1      | Reached XP level 2. HP: 21/22 MP: 2/2
   355 | D:1      | Reached skill level 5 in Polearms
   421 | D:1      | Reached XP level 3. HP: 26/28 MP: 3/3
  1120 | D:2      | Reached skill level 1 in Armour
  1120 | D:2      | Reached XP level 4. HP: 34/34 MP: 4/4
  1163 | D:2      | Learned a level 3 spell: Confusing Touch
  1379 | D:2      | Reached skill level 6 in Polearms
  1456 | D:2      | Found a shadowy altar of Dithmenos.
  1457 | D:2      | Found a glowing golden altar of the Shining One.
  1591 | D:3      | Noticed Ijyb
  1739 | D:3      | Killed from afar by an orc priest

Levels and vault maps discovered:
D:1:      dpeg_arrival_boxorama, layout_basic
D:2:      layout_rooms, gammafunk_temple_overflow_pools
D:3:      layout_rooms, lemuel_crystal_altar, portal_sewer_entry_c,
          first_ration, uniq_ijyb, uniq_terence

Skill      XL: |  1  2  3  4 |
---------------+-------------+-----
Polearms       | 5 6 |  6.1
Armour         | 1 |  1.0
Fighting       | |  2.6
Throwing       | |  2.2
Dodging        | |  4.6
Stealth        | |  0.1
Spellcasting   | |  0.2

Action                   |  1- 3 |  4- 6 || total
-------------------------+-------+-------++-------
Melee: Trident           |   114 |    60 ||   174
Throw: Throwing net      |     2 |       ||     2
  Use: Scroll            |       |     5 ||     5
       Potion            |       |     3 ||     3
 Stab: Held in net/web   |     1 |       ||     1
       Sleeping          |       |     1 ||     1
  Eat: Chunk             |     1 |     2 ||     3
Armor: Leather armour    |    22 |    37 ||    59
Dodge: Dodged            |    51 |    79 ||   130

Table legend:
 A = Non-vault XP
 B = Vault XP
 C = Vault XP percentage of total XP
 D = Non-vault monster count
 E = Vault monster count
 F = Vault count percentage of total count
                 A         B        C        D         E       F
            +---------+---------+-------+---------+---------+-------
      Total |     136 |       0 |   0.0 |      50 |       0 |   0.0
            +---------+---------+-------+---------+---------+-------
        D:1 |      43 |       0 |   0.0 |      27 |       0 |   0.0
        D:2 |      90 |       0 |   0.0 |      21 |       0 |   0.0
        D:3 |       3 |       0 |   0.0 |       2 |       0 |   0.0
            +---------+---------+-------+---------+---------+-------
